 Dungeon Crawl Stone Soup version 0.29-a0-923-g6e406bff71 (webtiles) character file.

Game seed: 10142562956201072768

681 pokeman the Thaumaturge (level 7, -21/38 HPs)
             Began as a Deep Elf Hedge Wizard on July 27, 2022.
             Was an Initiate of Vehumet.
             Demolished by an ogre
             ... wielding the +6 giant club of Distant Worlds {speed, rPois Str+4}
              (32 damage)
             ... on level 4 of the Dungeon.
             The game lasted 00:10:21 (4952 turns).

pokeman the Thaumaturge (Deep Elf Hedge Wizard)     Turns: 4952, Time: 00:10:21

Health: -21/38     AC:  5    Str:  7    XL:     7   Next: 34%
Magic:  25/29      EV: 13    Int: 21    God:    Vehumet [......]
Gold:   17         SH:  5    Dex: 14    Spells: 11/22 levels left

rFire   . . .      SeeInvis .   f - +1 hand axe (freeze)
rCold   . . .      Faith    .   (no shield)
rNeg    . . .      Spirit   .   n - +2 robe {Will+}
rPois   .          Reflect  +   c - +0 hat
rElec   .          Harm     .   (no cloak)
rCorr   .          Rampage  .   (no gloves)
Will    +....                   q - +0 pair of boots
Stlth   +++.......              r - amulet of reflection
HPRegen 0.12/turn               m - ring of magical power
MPRegen 0.21/turn               (no ring)

@: no status effects
A: no striking features
a: Renounce Religion


You were on level 4 of the Dungeon.
You worshipped Vehumet.
Vehumet was noncommittal.
You visited 2 branches of the dungeon, and saw 5 of its levels.

You collected 179 gold pieces.
You spent 162 gold pieces at shops.

Inventory:

Hand Weapons
 f - a +1 hand axe of freezing (weapon)
 t - a +0 dagger of pain
Armour
 c - a +0 hat (worn)
 n - a +2 robe of willpower (worn)
 p - a +2 ring mail of fire resistance
 q - a +0 pair of boots (worn)
Jewellery
 m - a ring of magical power (left hand)
 r - an amulet of reflection (around neck)
Scrolls
 b - a scroll of enchant armour {unknown}
 g - 3 scrolls of blinking
 h - 3 scrolls of immolation {unknown}
 i - 5 scrolls of teleportation
 k - 2 scrolls of amnesia {unknown}
 o - a scroll of fear {unknown}
 u - a scroll of identify
Potions
 a - 2 potions of brilliance {unknown}
 d - a potion of magic
 e - 3 potions of heal wounds {unknown}
 j - a potion of resistance {unknown}
 l - a potion of curing {unknown}
 s - a potion of might {unknown}


   Skills:
 - Level 1.0 Fighting
 - Level 1.0 Armour
 - Level 4.0 Dodging
 - Level 4.2 Stealth
 * Level 8.0 Spellcasting
 + Level 4.0 Conjurations
 - Level 1.1 Summonings
 + Level 0.8 Necromancy
 - Level 1.1 Translocations
 - Level 1.0 Fire Magic
 - Level 1.2 Air Magic
 + Level 0.0 Poison Magic


You had 11 spell levels left.
You knew the following spells:

 Your Spells              Type           Power      Damage    Failure   Level
a - Magic Dart            Conj           100%       1d8       1%          1
b - Mephitic Cloud        Conj/Pois/Air  15%        N/A       12%         3
c - Call Imp              Summ           13%        N/A       8%          2
d - Blink                 Tloc           26%        N/A       8%          2
e - Conjure Flame         Conj/Fire      19%        6-21      9%          3

Your spell library contained the following spells:

 Spells                   Type           Power      Damage    Failure   Level
 Slow                     Hex            32%        N/A       8%          1
 Scorch                   Fire           26%        2d6       8%          2
 Vampiric Draining        Necr           12%        2d6       17%         3
 Portal Projectile        Hex/Tloc       20%        N/A       19%         3
 Confusing Touch          Hex            8%         N/A       24%         3
 Tukima's Dance           Hex            8%         N/A       24%         3
 Flame Wave               Conj/Fire      19%        2d7       28%         4
 Manifold Assault         Tloc           13%        N/A       80%         5
 Blade Hands              Tmut           4%         N/A       91%         5
 Summon Cactus Giant      Summ           6%         N/A       100%        6
 Storm Form               Tmut/Air       5%         N/A       100%        7
 Borgnjor's Revivificati  Necr           6%         N/A       100%        8
 Necromutation            Tmut/Necr      5%         N/A       100%        8
 Death's Door             Necr           6%         N/A       100%        9


Dungeon Overview and Level Annotations

Branches:
Dungeon (4/15)             Temple (1/1) D:4

Altars:
Cheibriados
Dithmenos
Elyvilon
Fedhas
Gozag
Makhleb
Nemelex Xobeh
Vehumet
Wu Jian
Xom
Zin
The Shining One

Shops:
D:4 ?

Annotations:
D:4 scionoferis's ghost, amateur OpSu


Message History

Scionoferis's ghost mumbles some strange words.
Unknown command.
The bat disappears in a puff of smoke!
The bat is engulfed in noxious fumes.
The bat closely misses your crimson imp.
The bat is engulfed in noxious fumes.
The bat appears confused.
You block the ogre's attack.
The bat closely misses the quokka.
The quokka bites you but does no damage.
Your crimson imp hits the bat but does no damage.
Unknown command.
You swap places.
The bat closely misses itself.
The ogre hits your crimson imp with the +6 giant club of Distant Worlds {speed, rPois Str+4}!!
Your crimson imp dies!
Your crimson imp disappears in a puff of smoke!
The quokka closely misses you.
Unknown command.
The bat hits itself but does no damage.
The quokka barely misses you.
Unknown command.
The quokka attacks as you move away! The quokka misses you. The bat misses you.
Unknown command.
Casting: Call Imp (safe; 8% risk of failure)
Confirm with . or Enter, or press ? or * to list all spells.
Aiming: Magic Dart (safe; 1% risk of failure)
Press: ? - help, Shift-Dir - straight line, f/p - bat
Aim: a bat (summoned, confused, 100% to hit)
The magic dart hits the bat!
You kill the bat!
The bat's corpse disappears in a puff of smoke!
You block the quokka's attack.
Scionoferis's ghost casts a spell.
The quokka misses you.
The quokka disappears in a puff of smoke!
The ogre hits you with the +6 giant club of Distant Worlds {speed, rPois Str+4}!!
Ouch! That really hurt!
* * * LOW HITPOINT WARNING * * *
There is a transporter, spattered with blood here.
Unknown command.
You enter the transporter and appear at another place.
The ogre hits you with the +6 giant club of Distant Worlds {speed, rPois Str+4}!!
Ouch! That really hurt!
You die...

####.# #...........#....# .....#
#.####.####.#).### ###### #.# #.#
#.#..# # #.####.####.#..#### ##
#.##........^.....# .#
#.##.######.#..##.# .#
####.##.######.#..##.## .#
#........O.....#......# .#
#.....©r@....(##.###..# .#
################.###..#
.#########....$$...b.###.##...#
.......# #.#..#.#..#.# #.##.#.###
.#####.# #..##.r.##..# #.##......
.#####.###..##.r.##..###.##......
.........#.#..#.#..#.#...##......
.........#.....©..W.§######......
..#.##.################ #..####


You could see an ogre, 3 quokkas and a bat (summoned, confused).

Vanquished Creatures
  Grinder (D:3)
  Sigmund (D:3)
  An ogre (D:4)
  A hound (D:4)
  3 orc wizards
  4 adders
  2 worms
  5 dart slugs
  5 orcs
  8 endoplasms
  2 giant cockroaches (D:1)
  5 goblins
  7 hobgoblins
  8 jackals
  2 quokkas
  8 ball pythons
  6 bats
  2 frilled lizards (D:1)
  3 kobolds
  6 rats
80 creatures vanquished.

Vanquished Creatures (others)
  3 withered plants (D:2)
3 creatures vanquished.

Grand Total: 83 creatures vanquished

Notes
Turn   | Place    | Note
-------+----------+-------------------------------------------
     0 | D:1      | pokeman the Deep Elf Hedge Wizard began the quest for the
                  | Orb.
     0 | D:1      | Reached XP level 1. HP: 10/10 MP: 7/7
   285 | D:1      | Reached XP level 2. HP: 16/16 MP: 4/9
   721 | D:1      | Reached skill level 5 in Spellcasting
   836 | D:1      | Reached XP level 3. HP: 13/20 MP: 7/11
   845 | D:1      | Learned a level 3 spell: Mephitic Cloud
   848 | D:1      | Learned a level 2 spell: Call Imp
   851 | D:1      | Learned a level 2 spell: Blink
   855 | D:1      | Learned a level 3 spell: Conjure Flame
  1294 | D:2      | Found a faded altar of an unknown god.
  1510 | D:2      | Reached skill level 1 in Fighting
  1510 | D:2      | Reached skill level 1 in Armour
  2426 | D:3      | Noticed Sigmund
  2569 | D:3      | Noticed Grinder
  2827 | D:3      | Reached XP level 4. HP: 23/25 MP: 13/13
  3253 | D:3      | Killed Sigmund
  3254 | D:3      | Reached skill level 6 in Spellcasting
  3254 | D:3      | Reached XP level 5. HP: 19/29 MP: 16/16
  3436 | D:3      | Killed Grinder
  3437 | D:3      | Reached skill level 7 in Spellcasting
  3437 | D:3      | Reached XP level 6. HP: 30/34 MP: 6/18
  3880 | D:4      | Reached XP level 7. HP: 29/38 MP: 13/20
  4013 | D:4      | Found a blossoming altar of Fedhas.
  4031 | D:4      | Found a staircase to the Ecumenical Temple.
  4037 | Temple   | Entered the Ecumenical Temple
  4053 | Temple   | Became a worshipper of Vehumet
  4156 | D:4      | Found a glowing silver altar of Zin.
  4173 | D:4      | Found a shadowy altar of Dithmenos.
  4193 | D:4      | Found Ahitoic's Magic Scroll Shoppe.
  4211 | D:4      | Bought a scroll of identify for 26 gold pieces
  4211 | D:4      | Bought a scroll of teleportation for 39 gold pieces
  4224 | D:4      | Bought a scroll of blinking for 97 gold pieces
  4467 | D:4      | Noticed scionoferis's ghost (amateur OpSu)
  4468 | D:4      | Found a transporter.
  4469 | D:4      | Identified the +6 giant club of Distant Worlds {speed,
                  | rPois Str+4}
  4524 | D:4      | Found a burning altar of Makhleb.
  4553 | D:4      | Reached skill level 1 in Fire Magic
  4887 | D:4      | Found a transporter.
  4907 | D:4      | Reached skill level 8 in Spellcasting
  4907 | D:4      | Reached skill level 1 in Air Magic
  4952 | D:4      | Demolished by an ogre

Illustrated notes

Levels and vault maps discovered:
D:1:      dpeg_arrival_windows_large_door, layout_rooms
D:2:      layout_basic, ebering_ecumenical_altar_petrified
D:3:      layout_loops_ring, uniq_grinder, uniq_sigmund
D:4:      layout_loops_ring, grunt_dithmenos_smoke,
          mainiacjoe_overflow_alcove_2, lemuel_doored_altar, fedhas_altar_3,
          minmay_temple_entry_purple_smoke, serial_shops, nicolae_diamond_shop,
          gammafunk_ghost_smash, serial_bayou_pond_a
Temple:   hellmonk_temple_rainy

Skill      XL: |  1  2  3  4  5  6  7 |
---------------+----------------------+-----
Spellcasting   | 5 6 7 8 |  8.0
Fighting       | 1 |  1.0
Armour         | 1 |  1.0
Conjurations   | 2 3 4 |  4.0
Dodging        | 3 4 |  4.0
Stealth        | 3 4 |  4.2
Fire Magic     | 1 |  1.0
Air Magic      | 1 |  1.2
Summonings     | |  1.1
Necromancy     | |  0.8
Translocations | |  1.1

Action                   |  1- 3 |  4- 6 |  7- 9 || total
-------------------------+-------+-------+-------++-------
Melee: Dagger            |     1 |       |       ||     1
       Hand axe          |    29 |    11 |     3 ||    43
 Cast: Magic Dart        |   103 |    61 |    38 ||   202
       Conjure Flame     |       |     2 |       ||     2
       Mephitic Cloud    |       |     3 |     3 ||     6
       Blink             |       |     1 |     1 ||     2
       Call Imp          |       |       |     1 ||     1
 Stab: Sleeping          |     1 |       |       ||     1
       Confused          |       |       |     1 ||     1
Armor: Robe              |    12 |     3 |     5 ||    20
Dodge: Dodged            |    38 |     8 |    22 ||    68
Block: Other             |       |     2 |     7 ||     9

Table legend: (Time is in decaauts)
 A = Elapsed time spent in this place.
 B = Non-inter-level travel time spent in this place.
 C = Inter-level travel time spent in this place.
 D = Time resting spent in this place.
 E = Time spent auto-exploring this place.
 F = Levels seen in this place.
 G = Mean time per level.
                   A        B        C        D        E       F      G
               +--------+--------+--------+--------+--------+-----+--------+
         Total |   4965 |   4758 |    207 |    475 |   3643 |   5 |  993.0 |
       Dungeon |   4936 |   4740 |    196 |    475 |   3641 |   4 | 1234.0 |
        Temple |     28 |     17 |     11 |      0 |      2 |   1 |   28.0 |
               +--------+--------+--------+--------+--------+-----+--------+

Top non-repeatable levels by time:
     D:2: 1696 daAuts
     D:1: 1121 daAuts
     D:4: 1061 daAuts
     D:3: 1056 daAuts
  Temple: 28 daAuts
